 Dungeon Crawl Stone Soup version 0.25.1-2-g60ff931df9 (webtiles) character file.

Game seed: 1854256854207934516

11835 DogServant the Peltast (level 12, 0/91 HPs)
             Began as a Formicid Hunter on Nov 10, 2020.
             Was an Elder of Okawaru.
             Succumbed to a spiny frog's poison
             ... on level 1 of the Lair of Beasts.
             The game lasted 00:21:06 (17125 turns).

DogServant the Peltast (Formicid Hunter)           Turns: 17125, Time: 00:21:06

Health: 0/91       AC: 13    Str: 22    XL:     12   Next: 12%
Magic:  15/15      EV: 12    Int: 11    God:    Okawaru [****..]
Gold:   661        SH: 14    Dex: 17    Spells: 11/11 levels left

rFire    . . .     SeeInvis +   N - +7 morningstar
rCold    . . .     Gourm    .   h - +0 kite shield
rNeg     . . .     Faith    .   i - +0 scale mail
rPois    .         Spirit   .   (helmet unavailable)
rElec    .         Reflect  .   m - +2 cloak
rCorr    .         Harm     .   (no gloves)
MR       +....                  (no boots)
Stlth    ..........             (no amulet)
HPRegen  0.25/turn              D - +6 ring of dexterity
MPRegen  0.14/turn              A - +4 ring of protection

@: lethally poisoned (0 -> -42), very slightly contaminated, lightly drained,
invisible
A: permanent stasis, dig shafts and tunnels, four strong arms, antennae 3
a: Dig, Shaft Self, Heroism, Renounce Religion


You were on level 1 of the Lair of Beasts.
You worshipped Okawaru.
Okawaru was greatly pleased with you.
You were not hungry.

You visited 3 branches of the dungeon, and saw 12 of its levels.
You also visited: Ossuary.

You collected 890 gold pieces.
You spent 229 gold pieces at shops.

Inventory:

Hand Weapons
 a - a +2 hand crossbow
 N - a +7 morningstar (weapon)
Missiles
 b - 2 datura-tipped darts
 d - 105 bolts
 k - 69 poisoned darts (quivered)
Armour
 h - a +0 kite shield (worn)
 i - a +0 scale mail (worn)
 m - a +2 cloak (worn)
 u - a +0 tower shield
Jewellery
 e - an uncursed ring of poison resistance
 A - a +4 ring of protection (right hand)
 D - a +6 ring of dexterity (left hand)
 K - an uncursed amulet of reflection {unknown}
Wands
 j - a wand of digging (6)
 G - a wand of polymorph (7)
 I - a wand of clouds (4)
 M - a wand of flame (15)
Scrolls
 c - 2 scrolls of enchant weapon
 g - 5 scrolls of magic mapping
 l - 2 scrolls of enchant armour
 n - 2 scrolls of immolation
 o - 5 scrolls of remove curse
 q - 2 scrolls of noise {unknown}
 t - a scroll of silence {unknown}
 v - 2 scrolls of teleportation {unknown}
 y - 2 scrolls of fear {unknown}
 B - 8 scrolls of identify
 H - a scroll of vulnerability {unknown}
 L - 2 scrolls of blinking {unknown}
 Q - a scroll of brand weapon {unknown}
Potions
 r - 2 potions of stabbing
 s - a potion of berserk rage
 w - 4 potions of curing {unknown}
 x - a potion of resistance {unknown}
 z - a potion of magic {unknown}
 C - a potion of flight {unknown}
 E - a potion of lignification {unknown}
 F - a potion of might
 J - a potion of ambrosia {unknown}
 O - 10 potions of degeneration
Comestibles
 f - 8 rations
 P - 2 chunks of flesh


   Skills:
 - Level 7.0(6.8) Fighting
 + Level 10.3(10.0) Crossbows
 - Level 3.0(2.7) Armour
 - Level 4.2(4.0) Dodging
 - Level 1.2(1.0) Stealth
 - Level 15.0(14.6) Shields
 - Level 4.0(3.7) Invocations


You had 11 spell levels left.
You didn't know any spells.
Your spell library contained the following spells:

 Spells                   Type           Power        Failure   Level  Hunger
 Animate Skeleton         Necr           N/A          67%         1    ##.....
 Apportation              Tloc           #.....       67%         1    ##.....
 Corona                   Hex            #......      67%         1    ##.....
 Summon Small Mammal      Summ           #...         67%         1    ##.....
 Ensorcelled Hibernation  Hex/Ice        #.....       80%         2    ###....
 Confusing Touch          Hex            #.......     95%         3    ####...
 Dazzling Flash           Conj/Hex       #.....       95%         3    ####...
 Tukima's Dance           Hex            #.......     95%         3    ####...


Dungeon Overview and Level Annotations

Branches:
Dungeon (10/15)            Temple (1/1) D:7            Lair (1/6) D:10
    Orc (0/2) D:10        Ossuary (visited)

Altars:
Ashenzari
Cheibriados
Dithmenos
Elyvilon
Fedhas
Gozag
Hepliaklqana
Kikubaaqudgha
Makhleb
Nemelex Xobeh
Okawaru
Qazlal
Ru
Sif Muna
Trog
Uskayaw
Vehumet
Wu Jian
Xom
Yredelemnul
Zin
The Shining One

Shops:
D:5 (([:   D:10 [


Innate Abilities, Weirdness & Mutations

You cannot be hasted, slowed, berserked, paralysed or teleported.
You can dig through walls and to a lower floor.
Your four strong arms can wield two-handed weapons with a shield.
You have a pair of large antennae on your head. (SInv)


Message History

You are too injured to fight recklessly!
You barely miss the spiny frog.
The spiny frog is heavily wounded.
You feel very sick. You block the spiny frog's attack.
The crocodile bites something!
The spiny frog stings you!!
* * * LOW HITPOINT WARNING * * *
The crocodile bites something!
It was a potion of invisibility.
You fade into invisibility!
* * * LOW HITPOINT WARNING * * *
You feel very sick. The spiny frog stings you!
* * * LOW HITPOINT WARNING * * *
You are more poisoned.
The spiny frog poisons you!
You are very lightly contaminated with residual magic.
It was a potion of berserk rage.
Your stasis prevents you from going berserk.
You die...

......# #...P. ##
##.#..# #. ..... ###.#.#
#.#.# .# ...##.##
#.#.###..#^ ....#..###
##...Ft.....
[........####P..@##P.
........................
......##.#....|...>.....
.........##.###..####...
.................# P.
........##P.###.##
...>....###.# #.#
#.#.....# #..##.#
#.##.#### #.##


You could see a spiny frog and a crocodile.

Vanquished Creatures
  Erica (D:8)
  A two-headed ogre (D:8)
  A necromancer (D:10)
  A cyclops (D:9)
  5 shadows
  4 flying skulls (D:10)
  4 wraiths
  A wyvern (D:8)
  Eustachio (D:4)
  A hungry ghost (D:8)
  A vampire (D:10)
  2 wargs (D:10)
  A water moccasin (D:8)
  7 orc warriors
  A swamp drake (D:10)
  4 sky beasts
  5 ice beasts
  A phantom (D:9)
  2 black bears (D:10)
  5 ogres
  A necrophage (D:5)
  3 centaurs
  5 bullfrogs
  Blork the orc (D:4)
  2 wyvern zombies (D:10)
  A water moccasin zombie (D:8)
  2 scorpions
  A water moccasin skeleton (D:6)
  14 wights
  A crimson imp (D:10)
  6 bullfrog zombies
  2 centaur zombies
  A gnoll shaman (D:5)
  10 centaur skeletons
  11 orc priests
  5 hounds
  11 orc wizards
  2 bullfrog skeletons
  An iguana (D:3)
  Natasha (thrice) (D:4)
  10 worker ants
  3 killer bee zombies (D:10)
  2 big kobold zombies (Ossuary)
  2 hound skeletons
  2 mummies (Ossuary)
  A howler monkey zombie (D:6)
  2 worker ant zombies
  5 gnolls (D:5)
  6 adders
  3 shadow imps
  2 adder skeletons
  2 worms (D:3)
  7 leopard geckos
  42 orcs
  2 ball pythons
  9 giant cockroaches
  A goblin (D:3)
  8 hobgoblins
  12 jackals
  7 quokkas
  A ball python zombie (D:6)
  8 bats
  7 frilled lizards
  A giant cockroach zombie (D:5)
  A gnoll zombie (Ossuary)
  4 goblin zombies (Ossuary)
  4 hobgoblin zombies (Ossuary)
  11 kobolds
  3 orc zombies (Ossuary)
  5 rats
305 creatures vanquished.

Vanquished Creatures (others)
  A fungus (Lair:1)
1 creature vanquished.

Grand Total: 306 creatures vanquished

Notes
Turn   | Place    | Note
-------+----------+-------------------------------------------
     0 | D:1      | DogServant the Formicid Hunter began the quest for the Orb.
     0 | D:1      | Reached XP level 1. HP: 16/16 MP: 1/1
   199 | D:1      | Reached XP level 2. HP: 18/23 MP: 2/2
   877 | D:1      | Reached XP level 3. HP: 28/29 MP: 3/3
  2368 | D:3      | Reached XP level 4. HP: 24/35 MP: 4/4
  2672 | D:3      | Found a stormy altar of Qazlal.
  2798 | D:3      | Reached skill level 5 in Crossbows
  2801 | D:3      | Reached XP level 5. HP: 42/42 MP: 5/5
  3613 | D:4      | Found a sand-covered staircase.
  3621 | Ossuary  | Entered an ossuary
  3842 | Ossuary  | Reached XP level 6. HP: 49/49 MP: 6/6
  4249 | D:4      | Reached skill level 5 in Fighting
  4319 | D:4      | Noticed Blork the orc
  4750 | D:4      | Noticed Eustachio
  4759 | D:5      | Entered Level 5 of the Dungeon
  4854 | D:5      | Found Nayj's Antique Weapon Boutique.
  4865 | D:5      | Bought a bloodstained flail for 229 gold pieces
  4865 | D:5      | Identified the +4 flail "Uzeone Wapi" {pain, MR++ Int-5}
                  | (You bought it in a shop on level 5 of the Dungeon)
  5002 | D:5      | Reached skill level 1 in Armour
  5002 | D:5      | Reached XP level 7. HP: 30/56 MP: 7/7
  5199 | D:5      | Found Qavuxoly's Armour Boutique.
  5209 | D:5      | Found Mafremn's Book Shoppe.
  5213 | D:5      | Got a translucent turquoise ring
  5214 | D:5      | Identified the cursed ring "Ushicen" {MR++ EV-4 Str-4 SInv
                  | Stlth+} (You found it on level 5 of the Dungeon)
  5681 | D:5      | Found Zaigagha's Weapon Emporium.
  6010 | D:6      | Reached XP level 8. HP: 48/62 MP: 8/8
  6671 | D:5      | Reached skill level 1 in Shields
  7002 | D:6      | Reached skill level 2 in Shields
  7725 | D:6      | Reached skill level 3 in Shields
  7814 | D:7      | Found a staircase to the Ecumenical Temple.
  7888 | Temple   | Entered the Ecumenical Temple
  8067 | Temple   | Became a worshipper of Warmaster Okawaru
  8134 | D:7      | Reached skill level 4 in Shields
  8134 | D:7      | Reached XP level 9. HP: 69/69 MP: 9/9
  8186 | D:7      | Reached skill level 5 in Shields
  8384 | D:7      | Reached skill level 6 in Shields
  8522 | D:7      | Reached skill level 7 in Shields
  8869 | D:7      | Reached skill level 8 in Shields
  9180 | D:7      | Found a shimmering blue altar of Sif Muna.
  9374 | D:8      | Noticed a two-headed ogre
  9745 | D:7      | Reached * piety under Okawaru
 10002 | D:8      | Reached skill level 9 in Shields
 10214 | D:8      | Reached skill level 10 in Shields
 10214 | D:8      | Reached XP level 10. HP: 22/76 MP: 10/10
 10483 | D:8      | Reached ** piety under Okawaru
 10534 | D:8      | Killed a two-headed ogre
 10534 | D:8      | Reached skill level 12 in Shields
 11047 | D:8      | Noticed Erica
 11073 | D:8      | Killed Erica
 11273 | D:8      | Reached *** piety under Okawaru
 11388 | D:8      | Reached skill level 13 in Shields
 12329 | D:9      | Reached XP level 11. HP: 74/81 MP: 11/11
 12341 | D:9      | Noticed a cyclops
 12365 | D:9      | Killed a cyclops
 12365 | D:9      | Reached skill level 14 in Shields
 12971 | D:4      | Killed Eustachio
 12986 | D:4      | Reached **** piety under Okawaru
 13017 | D:4      | Killed Blork the orc
 13017 | D:4      | Reached skill level 1 in Invocations
 13090 | D:4      | Noticed Natasha
 13095 | D:4      | Killed Natasha
 13183 | D:4      | Found an ancient bone altar of Kikubaaqudgha.
 13183 | D:4      | Found a glowing golden altar of the Shining One.
 13183 | D:4      | Found a blossoming altar of Fedhas.
 13259 | D:4      | Noticed Natasha
 13263 | D:4      | Killed Natasha
 13404 | D:4      | Noticed Natasha
 13412 | D:4      | Killed Natasha
 13667 | D:4      | Found an ancient bone altar of Kikubaaqudgha.
 13667 | D:4      | Found a blossoming altar of Fedhas.
 13668 | D:4      | Found a glowing golden altar of the Shining One.
 13951 | D:10     | Entered Level 10 of the Dungeon
 14634 | D:10     | Received a gift from Okawaru
 14716 | D:10     | Received a gift from Okawaru
 14998 | D:10     | Noticed a necromancer
 15106 | D:10     | Killed a necromancer
 15106 | D:10     | Received a gift from Okawaru
 15722 | D:10     | Found Uzxuw's Antique Armour Shop.
 15944 | D:10     | Found a staircase to the Lair.
 15960 | D:10     | Reached skill level 15 in Shields
 15979 | D:10     | HP: 4/84 [orc warrior/+2 glaive of venom (2)]
 15998 | D:10     | Reached XP level 12. HP: 17/91 MP: 6/15
 16066 | D:10     | Reached skill level 10 in Crossbows
 16768 | D:10     | Found a staircase to the Orcish Mines.
 17000 | Lair:1   | Entered Level 1 of the Lair of Beasts
 17124 | Lair:1   | HP: 3/91 [spiny frog (16)]
 17125 | Lair:1   | Succumbed to a spiny frog's poison

Illustrated notes

Levels and vault maps discovered:
D:1:      evilmike_arrival_crescent, layout_basic
D:2:      minmay_skewed_foursquare, layout_basic, first_ration
D:3:      layout_basic, nicolae_qazlal_general_emergency
D:4:      layout_gridville, gammafunk_temple_overflow_claw,
          nicolae_ossuary_entry_monument, uniq_blork_the_orc, uniq_natasha,
          uniq_eustachio
D:5:      layout_gridville, serial_shops, shop, kennysheep_little_box,
          nicolae_shop_trees, nicolae_shop_waterfront
D:6:      layout_basic, minmay_holes, nicolae_zen_rock_garden
D:7:      layout_loops_ring, led_sif_pool, lemuel_temple_firewalk_b
D:8:      layout_loops_cross, uniq_erica
D:9:      layout_basic
D:10:     hangedman_screamer, layout_loops_ring, erik_lair_orcish_takeover,
          erik_orc_1, serial_shops, shop
Temple:   regret_index_temple_mists
Lair:1:   layout_loops_ring

Skill      XL: |  1  2  3  4  5  6  7  8  9 10 11 12 |
---------------+-------------------------------------+-----
Fighting       | 3 4 5 6 7 |  7.0
Crossbows      | 5 6 7 8 9 10 | 10.3
Armour         | 1 3 |  3.0
Dodging        | 2 3 4 |  4.2
Shields        | 4 10 13 15 | 15.0
Invocations    | 4 |  4.0
Stealth        | |  1.2

Action                   |  1- 3 |  4- 6 |  7- 9 | 10-12 || total
-------------------------+-------+-------+-------+-------++-------
Melee: Short sword       |   188 |   122 |       |       ||   310
       Mace              |       |   143 |       |       ||   143
       Flail             |       |    17 |   296 |   184 ||   497
       Morningstar       |       |       |       |   197 ||   197
 Fire: Hand crossbow     |     1 |    22 |    53 |   308 ||   384
Invok: Heroism           |       |       |       |    10 ||    10
  Use: Scroll            |       |     3 |     7 |       ||    10
       Potion            |       |       |     1 |     5 ||     6
 Stab: Confused          |       |       |       |     2 ||     2
  Eat: Chunk             |     5 |     5 |    14 |     7 ||    31
       Ration            |       |     1 |     1 |     5 ||     7
Armor: Scale mail        |    91 |   175 |   198 |   182 ||   646
       Leather armour    |     1 |       |       |       ||     1
Dodge: Dodged            |   134 |   210 |   200 |   226 ||   770
Block: Kite shield       |       |       |    72 |   416 ||   488
